 Dungeon Crawl Stone Soup version 0.26-a0-291-g3d11bbfad5 (webtiles) character file.

Game seed: 9297196898305695103

40 Ge0ff the Conjurer (level 3, 0/28 HPs)
             Began as a Draconian Hedge Wizard on July 14, 2020.
             Succumbed to an adder's poison
             ... on level 2 of the Dungeon.
             The game lasted 00:06:56 (1125 turns).

Ge0ff the Conjurer (Draconian Hedge Wizard)         Turns: 1125, Time: 00:06:56

Health: 0/28       AC:  5    Str:  9 (12) XL:     3   Next: 30%
Magic:  0/7        EV: 12    Int: 12 (15) God:
Gold:   81         SH:  0    Dex:  7 (10) Spells: 3/8 levels left

rFire    . . .     SeeInvis .   a - +0 dagger
rCold    . . .     Faith    .   (no shield)
rNeg     . . .     Spirit   .   (armour unavailable)
rPois    .         Reflect  .   b - +0 hat
rElec    .         Harm     .   (no cloak)
rCorr    .                      (no gloves)
MR       .....                  (no boots)
Stlth    +.........             (no amulet)
HPRegen  0.09/turn              (no ring)
MPRegen  0.10/turn              (no ring)

@: lethally poisoned (0 -> -4), very slightly contaminated
A: unfitting armour, cold-blooded, AC +5
a: no special abilities


You were on level 2 of the Dungeon.
You visited 1 branch of the dungeon, and saw 2 of its levels.

You collected 81 gold pieces.

Inventory:

Hand Weapons
 a - a +0 dagger (weapon)
Missiles
 f - 12 stones (quivered)
 g - 21 bolts
 h - 20 arrows
Armour
 b - a +0 hat (worn)
Scrolls
 c - a scroll of fog {unknown}
 d - 2 scrolls of remove curse {unknown}


   Skills:
 - Level 1.0 Fighting
 - Level 1.7 Dodging
 - Level 1.7 Stealth
 - Level 3.0 Spellcasting
 * Level 3.1 Conjurations
 - Level 1.0 Summonings
 - Level 1.0 Translocations


You had 3 spell levels left.
You knew the following spells:

 Your Spells              Type           Power        Failure   Level
c - Blink                 Tloc           N/A          24%         2
k - Magic Dart            Conj           #...         7%          1
s - Call Imp              Summ           #.......     24%         2

Your spell library contained the following spells:

 Spells                   Type           Power        Failure   Level
 Slow                     Hex            #.......     36%         2
 Conjure Flame            Conj/Fire      #.......     36%         3
 Mephitic Cloud           Conj/Pois/Air  #.......     43%         3


Dungeon Overview and Level Annotations

Branches:
Dungeon (2/15)

Altars:
Xom


Innate Abilities, Weirdness & Mutations

Your plain brown scales are hard. (AC +5)
You cannot fit into any form of body armour.
You are cold-blooded and may be slowed by cold attacks.


Message History

Press: ? - help, Shift-Dir - straight line, f - jackal
Aim: a jackal The magic dart hits the jackal but does no damage.
The jackal closely misses you.
The jackal bites you but does no damage.
You barely miss the jackal. The jackal barely misses you.
You hit the jackal.
You tail-slap the jackal, but do no damage.
The jackal is moderately wounded.
* * * LOW HITPOINT WARNING * * *
You feel sick. The jackal barely misses you.
You barely miss the jackal. You tail-slap the jackal.
The jackal is almost dead.
The jackal bites you.
* * * LOW HITPOINT WARNING * * *
The jackal bites you.
* * * LOW HITPOINT WARNING * * *
You hit the jackal.
You kill the jackal!
You die...

.. .# . _ .#. ..... ...
..... #.# ...... #. #.#
...... ..# #.##...... ..#
#@#.$...?. #.# #†#....>..
.. #.######h###g........
#.###.#...†......###.####
#.....#..........#
....$............#
#.............<..#
#.....#..........#
.h(...#..........#


You could see a hobgoblin.

Vanquished Creatures
  An adder (D:2)
  An ooze (D:1)
  2 dart slugs
  3 goblins
  A hobgoblin (D:1)
  4 jackals
  2 kobolds (D:1)
  2 quokkas (D:2)
  3 bats (D:1)
  A frilled lizard (D:1)
  A rat (D:1)
21 creatures vanquished.

Notes
Turn   | Place    | Note
-------+----------+-------------------------------------------
     0 | D:1      | Ge0ff the Draconian Hedge Wizard began the quest for the
                  | Orb.
     0 | D:1      | Reached XP level 1. HP: 14/14 MP: 4/4
   624 | D:1      | Reached XP level 2. HP: 22/22 MP: 6/6
   636 | D:1      | Reached skill level 1 in Fighting
   640 | D:1      | Learned a level 2 spell: Blink
   643 | D:1      | Learned a level 2 spell: Call Imp
  1043 | D:1      | Reached XP level 3. HP: 25/28 MP: 1/7
  1107 | D:2      | Found a shimmering altar of Xom.
  1124 | D:2      | HP: 1/28 [jackal (3)]
  1125 | D:2      | Succumbed to an adder's poison

Illustrated notes

Levels and vault maps discovered:
D:1:      evilmike_arrival_rings, layout_basic, st_stairs_13
D:2:      layout_rooms, lemuel_crystal_altar, nicolae_qazlal_general_emergency,
          chequers_temple_overflow_statue_of_worship, ashenzari_altar_1

Skill      XL: |  1  2  3 |
---------------+----------+-----
Fighting       | 1 |  1.0
Conjurations   | 2 3 |  3.1
Dodging        | |  1.7
Stealth        | |  1.7
Spellcasting   | |  3.0
Summonings     | |  1.0
Translocations | |  1.0

Action                   || total
-------------------------++-------
Melee: Dagger            ||    35
       Tailslap          ||     5
 Cast: Magic Dart        ||    44
  Use: Potion            ||     1
 Stab: Sleeping          ||     2
Armor: Skin              ||    10
Dodge: Dodged            ||    34

Table legend:
 A = Non-vault XP
 B = Vault XP
 C = Vault XP percentage of total XP
 D = Non-vault monster count
 E = Vault monster count
 F = Vault count percentage of total count
                 A         B        C        D         E       F
            +---------+---------+-------+---------+---------+-------
      Total |      55 |       3 |   5.2 |      19 |       2 |   9.5
            +---------+---------+-------+---------+---------+-------
        D:1 |      26 |       3 |  10.3 |      11 |       2 |  15.4
        D:2 |      29 |       0 |   0.0 |       8 |       0 |   0.0
            +---------+---------+-------+---------+---------+-------
